 Dungeon Crawl Stone Soup version 0.18-a0-1045-g4e042de (webtiles) character file.

1344 tof the Poker (level 8, -4/61 HPs)
             Began as a Demonspawn Fighter on Jan 11, 2016.
             Was a Priest of Qazlal.
             Slain by an ogre
             ... wielding a +0 giant spiked club
              (7 damage)
             ... on level 6 of the Dungeon.
             The game lasted 00:25:01 (6685 turns).

tof the Poker (Demonspawn Fighter)                  Turns: 6685, Time: 00:25:01

Health: -4/61      AC: 17    Str: 17    XL:     8   Next: 36%
Magic:  0/9        EV:  6    Int: 10    God:    Qazlal [***...]
Gold:   222        SH: 13    Dex: 14    Spells: 0 memorised, 7 levels left

rFire  . . .     SeeInvis .     a - +0 trident
rCold  . . .     Gourm    .     C - +0 chain mail
rNeg   . . .     Faith    .     c - +0 shield
rPois  .         Spirit   +     (no helmet)
rElec  .         Dismiss  .     x - +1 cloak
rCorr  .         Reflect  .     h - +0 pair of gloves
SustAt .         Harm     .     g - +1 pair of boots
MR     .....                    (no amulet)
Stlth  ..........               (no ring)
                                (no ring)

@: very slightly contaminated, invisible, not resistant to hostile enchantments,
extremely unstealthy
A: hooves 1, yellow scales 1, demonic guardian 1, magic shield
a: Upheaval, Elemental Force, Renounce Religion


You were on level 6 of the Dungeon.
You worshipped Qazlal.
Qazlal was most pleased with you.
You were very hungry.

You visited 1 branch of the dungeon, and saw 8 of its levels.

You collected 222 gold pieces.

Inventory:

Hand Weapons
 a - a +0 trident (weapon)
Missiles
 e - 24 poisoned needles
 i - 19 sling bullets
 u - 16 exploding sling bullets
Armour
 b - a +0 scale mail
 c - a +0 shield (worn)
 g - a +1 pair of boots (worn)
 h - a +0 pair of gloves (worn)
 x - a +1 cloak (worn)
 C - a +0 chain mail (worn)
Jewellery
 E - an uncursed ring of ice {unknown}
Wands
 p - a wand of fireball (7/15)
Scrolls
 f - a scroll of fear {unknown}
 k - a scroll of amnesia
 l - a scroll of noise {unknown}
 m - 5 scrolls of identify
 s - 2 scrolls of random uselessness
 w - 3 scrolls of remove curse
 y - 2 scrolls of enchant weapon {unknown}
 D - a scroll of holy word {unknown}
Potions
 d - a potion of might
 j - 2 potions of heal wounds {unknown}
 n - 2 potions of invisibility
 q - a potion of beneficial mutation {unknown}
 t - a potion of resistance
 v - 3 potions of cancellation {unknown}
 B - a potion of ambrosia {unknown}
Comestibles
 o - 3 bread rations
 r - 2 meat rations
 z - 2 fruits
 A - 3 slices of pizza


   Skills:
 + Level 4.8 Fighting
 * Level 5.3 Polearms
 + Level 4.6 Armour
 + Level 3.3 Dodging
 + Level 0.4 Stealth
 + Level 4.9 Shields
 * Level 2.2 Invocations


You had 7 spell levels left.
You didn't know any spells.

Dungeon Overview and Level Annotations

Branches:
Dungeon (8/15)             Temple (0/1) D:5
   Lair: D:8-11

Altars:
Ashenzari
Qazlal
Vehumet
Xom
Yredelemnul

Shops:
D:5 (


Innate Abilities, Weirdness & Mutations

You have large cloven feet.
You are partially covered in yellow scales (AC +2).
A weak demonic guardian rushes to your aid.
When hurt, damage is shared between your health and your magic reserves.


Message History

A puff of frost appears from out of thin air!
You block the puff of frost.
The orc wizard points at you and mumbles some strange words.
The puff of frost hits your iron imp.
Your iron imp resists.
Your iron imp closely misses the orc wizard. x2
You are feeling very hungry.
The orc wizard completely misses something.
Something hits you but does no damage.
There is a stone staircase leading up here.
Something hits you.
* * * LOW HITPOINT WARNING * * *
You hear some strange, mumbled words.
A puff of frost appears from out of thin air!
You block the puff of frost.
Your iron imp closely misses something.
You climb upwards.
The ogre shouts!
A worker ant zombie comes into view.
The ogre hits you with a giant spiked club!
You die...

#######
##.....##.
##.........
#..........
#..........
#.5@.......
#...O...%..
#........?.
#..........
##.....Z...
##.....##.
####### ..
..ยงยง...


You could see an ogre, a worker ant zombie (wandering) and a friendly ufetubus.

Vanquished Creatures
  Grinder (D:4)
  Duvessa (D:5)
  A water moccasin (D:5)
  A phantom (D:5)
  A big kobold (D:5)
  Dowan (D:5)
  A scorpion (D:4)
  A giant frog zombie (D:5)
  3 orc priests (D:5)
  A giant frog skeleton (D:5)
  5 orc wizards
  An iguana (D:5)
  A worker ant (D:4)
  13 gnolls
  5 adders
  An ooze (D:4)
  2 adder skeletons
  6 worms
  6 giant geckos
  15 orcs
  7 bats
  6 giant cockroaches
  2 gnoll zombies (D:3)
  13 goblins
  12 hobgoblins
  7 jackals
  A quokka (D:4)
  2 ball pythons
  A giant gecko skeleton (D:4)
  6 giant newts
  11 kobolds
  9 rats
  4 plants (D:5)
148 creatures vanquished.

Vanquished Creatures (collateral kills)
  An orc priest (D:5)
  An orc wizard (D:5)
  4 orcs
  A quokka (D:5)
7 creatures vanquished.

Vanquished Creatures (others)
  An orc wizard (D:5)
1 creature vanquished.

Grand Total: 156 creatures vanquished

Notes
Turn   | Place    | Note
--------------------------------------------------------------
     0 | D:1      | tof the Demonspawn Fighter began the quest for the Orb.
     0 | D:1      | Reached XP level 1. HP: 18/18 MP: 1/1
   363 | D:1      | Gained mutation: When hurt, damage is shared between your health and your magic reserves. [demonic ancestry]
   363 | D:1      | Reached XP level 2. HP: 22/24 MP: 2/2
   823 | D:1      | Reached XP level 3. HP: 29/29 MP: 3/3
  1268 | D:2      | Found a stormy altar of Qazlal.
  1292 | D:2      | Noticed an air elemental
  1293 | D:2      | Noticed a fire elemental
  1293 | D:2      | Noticed a water elemental
  1293 | D:2      | Noticed an earth elemental
  1310 | D:2      | Became a worshipper of Qazlal Stormbringer
  1770 | D:1      | HP: 1/29 [gnoll/club (5)]
  1772 | D:1      | Reached XP level 4. HP: 2/35 MP: 0/4
  2152 | D:2      | Reached skill level 1 in Dodging
  2197 | D:2      | Found a shattered altar of Ashenzari.
  2733 | D:2      | Reached * piety under Qazlal
  3377 | D:3      | Reached XP level 5. HP: 37/42 MP: 5/5
  3688 | D:3      | Reached skill level 4 in Fighting
  4014 | D:3      | Found a basalt altar of Yredelemnul.
  4181 | D:4      | Reached ** piety under Qazlal
  4325 | D:4      | Noticed Grinder
  4325 | D:4      | Gained mutation: A weak demonic guardian rushes to your aid. [demonic ancestry]
  4325 | D:4      | Reached XP level 6. HP: 36/48 MP: 4/6
  4503 | D:4      | Paralysed by Grinder for 5 turns
  4514 | D:4      | Killed Grinder
  4802 | D:4      | Gained mutation: You are partially covered in yellow scales (AC +2). [demonic ancestry]
  4802 | D:4      | Reached XP level 7. HP: 54/54 MP: 7/7
  4860 | D:5      | Entered Level 5 of the Dungeon
  5490 | D:5      | Found Sato's Weapon Shoppe.
  5525 | D:5      | Noticed Duvessa
  5528 | D:5      | Noticed Dowan
  5536 | D:5      | Killed Duvessa
  5536 | D:5      | Gained mutation: You have large cloven feet. [demonic ancestry]
  5536 | D:5      | Reached XP level 8. HP: 61/61 MP: 8/8
  5539 | D:5      | Reached *** piety under Qazlal
  5548 | D:5      | Killed Dowan
  5548 | D:5      | Reached skill level 1 in Invocations
  5570 | D:5      | Reached skill level 5 in Polearms
  5728 | D:5      | Found a shimmering altar of Xom.
  5779 | D:5      | Found a staircase to the Ecumenical Temple.
  6288 | D:6      | Found a radiant altar of Vehumet.
  6359 | D:6      | Noticed a hill giant
  6435 | D:6      | You fall through a shaft for 2 floors!
  6677 | D:7      | HP: 2/61 [something/puff of flame (5)]
  6684 | D:7      | HP: 2/61 [something (1)]
  6685 | D:6      | Slain by an ogre

Vault maps used:
D:1:      minmay_arrival_radiant_lines
D:2:      marbit_many_paths, grunt_decor_mini_mirrors,
          nicolae_qazlal_style_of_elements
D:3:      lemuel_zombie_altar_yredelemnul
D:4:      uniq_grinder
D:5:      lemuel_doored_altar, minmay_temple_entry_glass, first_bread,
          serial_shops, shop, lexackson_kobold_supper, uniq_duvessa
D:6:      fiery_altar_vehumet
D:7:      kennysheep_vampire_church, serial_shops, shop,
          kennysheep_generic_room_12, uniq_crazy_yiuf_cottage
D:8:      nicolae_overflow_hidden_temple, lair_0_dummy, basic_altar,
          grunt_pizzeria

Action                   |  1- 3 |  4- 6 |  7- 9 || total
-------------------------+-------+-------+-------++-------
Melee: Trident           |   178 |   322 |   358 ||   858
Invok: Upheaval          |       |       |     1 ||     1
  Use: Scroll            |       |     4 |     2 ||     6
       Potion            |       |       |     1 ||     1
  Eat: Chunk             |     3 |     6 |     5 ||    14
       Bread ration      |       |     1 |       ||     1
       Fruit             |       |       |     1 ||     1
